 Dungeon Crawl Stone Soup version 0.31.0-32-g396128a36d (webtiles) character file.

Game seed: 235571118289531649

946 mainiacjoe the Arsonist (level 8, -1/57 HPs)
             Began as a Hill Orc Fire Elementalist on Apr 6, 2024.
             Slain by Grinder (5 damage)
             ... on level 5 of the Dungeon.
             The game lasted 00:15:23 (4720 turns).

mainiacjoe the Arsonist (HOFE)                      Turns: 4720, Time: 00:15:24

Health: -1/57      AC:  4    Str: 11    XL:     8   Next: 13%
Magic:  3/12       EV: 12    Int: 17    God:
Gold:   149        SH:  0    Dex: 11    Spells: 7/13 levels left

rFire   . . .        a - +2 short sword (speed)
rCold   . . .        (no shield)
rNeg    . . .        b - +0 robe
rPois   .            l - +0 helmet
rElec   .            (no cloak)
rCorr   .            (no gloves)
SInv    .            y - +0 pair of boots
Will    .....        (no amulet)
Stlth   ++           r - ring of flight
HPRegen 0.29/turn    (no ring)
MPRegen 0.13/turn

%: no passive effects
@: flying, very slightly contaminated
A: no striking features
a: no special abilities


You were on level 5 of the Dungeon.
You visited 1 branch of the dungeon, and saw 5 of its levels.
You also visited: Sewer.

You collected 149 gold pieces.

Inventory:

Hand Weapons
 a - a +2 short sword of speed (weapon)
 c - a +1 short sword of speed
 f - a +0 sling
 i - a +0 mace
 u - a +1 flail of draining
 x - a +0 trident
Missiles
 e - 35 stones
 g - 26 poisoned darts
 m - 3 javelins
Armour
 b - a +0 robe (worn)
 l - a +0 helmet (worn)
 y - a +0 pair of boots (worn)
Magical Staves
 o - a staff of air
Jewellery
 r - a ring of flight (left hand)
Scrolls
 h - a scroll of poison
 q - a scroll of teleportation
 w - a scroll of fear
Potions
 d - a potion of magic
 j - 2 potions of haste
 k - a potion of curing
 n - 2 potions of brilliance
 p - 2 potions of cancellation
 s - 2 potions of might
 t - a potion of mutation {unknown}
 v - a potion of heal wounds {unknown}


   Skills:
 + Level 3.2 Short Blades
 - Level 1.5 Dodging
 - Level 1.5 Stealth
 - Level 3.0 Spellcasting
 - Level 2.0 Conjurations
 - Level 3.0 Hexes
 - Level 8.0 Fire Magic


You had 7 spell levels left.
You knew the following spells:

 Your Spells              Type           Power      Damage    Failure   Level
a - Foxfire               Conj/Fire      76%        2x1d7     2%          1
b - Scorch                Fire           58%        2d7       1%          2
c - Inner Flame           Hex/Fire       21%        N/A       5%          3

Your spell library contained the following spells:

 Spells                   Type           Power      Damage    Failure   Level
 Volatile Blastmotes      Fire/Tloc      32%        2d12      10%         3
 Sting                    Conj/Alch      20%        1d4       12%         1
 Apportation              Tloc           4%         N/A       17%         1
 Necrotise                Necr           8%         1d4       17%         1
 Summon Small Mammal      Summ           8%         N/A       17%         1
 Dazzling Flash           Conj/Hex       22%        N/A       19%         3
 Flame Wave               Conj/Fire      19%        2d7       22%         4
 Cigotuvi's Dreadful Rot  Necr/Alch/Air  4%         N/A       26%         2
 Dispel Undead            Necr           2%         3d7       86%         4
 Martyr's Knell           Necr/Summ      2%         N/A       86%         4
 Starburst                Conj/Fire      9%         6d5       98%         6
 Death Channel            Necr           1%         N/A       100%        6
 Maxwell's Capacitive Co  Air            1%         ∞         100%        8


Dungeon Overview and Level Annotations

Branches:
Dungeon (5/15)              Sewer (visited)
 Temple: D:4-7

Altars:

Annotations:
D:5 Grinder


Message History

Grinder says, "DUCK!"
You aren't carrying any items that you can evoke.
Unknown command.
Unknown command.
Unknown command.
Magic courses through your body.
You feel sick.
Casting: Foxfire (safe; 2% risk of failure)
Confirm with . or Enter, or press ? or * to list all spells.
Aiming: Inner Flame (dangerous; 5% risk of failure)
Press: ? - help, Dir - move target, f - Grinder
Aim: Grinder (lightly wounded, chance to affect: 76%)
You miscast Inner Flame.
You are very lightly contaminated with residual magic.
Nothing appears to happen.
You feel sick.
Casting: Inner Flame (dangerous; 5% risk of failure)
Confirm with . or Enter, or press ? or * to list all spells.
Aiming: Inner Flame (dangerous; 5% risk of failure)
Press: ? - help, Dir - move target, f/p - Grinder
Aim: Grinder (lightly wounded, chance to affect: 76%)
You miscast Inner Flame.
Nothing appears to happen.
You feel sick.
You are no longer poisoned.
Casting: Inner Flame (dangerous; 5% risk of failure)
Confirm with . or Enter, or press ? or * to list all spells.
Aiming: Inner Flame (dangerous; 5% risk of failure)
Press: ? - help, Dir - move target, f/p - Grinder
Aim: Grinder (lightly wounded, chance to affect: 76%) Grinder is filled with an inner flame.
Grinder closely misses you.
Unknown command.
You barely miss Grinder.
Grinder is lightly wounded.
Grinder gestures at you. Pain shoots through your body!
* * * LOW HITPOINT WARNING * * *
Unknown command.
Grinder attacks as she pursues you! Grinder hits you.
* * * LOW HITPOINT WARNING * * *
You writhe in agony.
You die...
Grinder says, "Now the real fun starts!"

#.##......#
####'##......#
#............#
#........##### ..
#........# ..
#........##### ..
#............# .#
###..##.........# .#
#...# #.....@...# .#
##.#####....5....# .#
#.....##[........#
.###..##.##.........#
......##.##.........#
...........☼........#
....>#...☼§○........#
.....'.........######
.....#.........#


You could see Grinder (inner flame).

Vanquished Creatures
  Menkaure (D:5)
  An ogre (D:4)
  A kobold brigand (Sewer)
  Blork the orc (D:4)
  3 scorpions (D:5)
  A jelly (D:4)
  A bombardier beetle (D:3)
  An iguana (D:5)
  2 orc wizards (D:3)
  5 adders
  12 river rats
  6 dart slugs
  11 orcs
  14 ball pythons
  3 bats
  5 endoplasms
  7 giant cockroaches
  3 goblins
  3 hobgoblins
  4 jackals (D:4)
  A quokka (D:1)
  5 frilled lizards
  24 kobolds
  30 rats
145 creatures vanquished.

Vanquished Creatures (others)
  267 foxfires
267 creatures vanquished.

Grand Total: 412 creatures vanquished

Notes
Turn   | Place    | Note
-------+----------+-------------------------------------------
     0 | D:1      | mainiacjoe the Hill Orc Fire Elementalist began the quest
                  | for the Orb.
     0 | D:1      | Reached XP level 1. HP: 14/14 MP: 3/3
    76 | D:1      | Found a faded altar of an unknown god.
   260 | D:1      | Reached XP level 2. HP: 20/20 MP: 4/4
   263 | D:1      | Learned a level 2 spell: Scorch
   784 | D:1      | Reached XP level 3. HP: 26/26 MP: 2/5
   849 | D:1      | Reached skill level 4 in Fire Magic
  1675 | D:2      | Reached XP level 4. HP: 33/33 MP: 0/7
  1679 | D:2      | Learned a level 3 spell: Inner Flame
  2180 | D:3      | Reached skill level 1 in Hexes
  2180 | D:3      | Reached XP level 5. HP: 31/38 MP: 1/8
  2293 | D:3      | Reached skill level 5 in Fire Magic
  2950 | D:4      | Noticed an ogre
  2955 | D:4      | Killed an ogre
  2956 | D:4      | Reached XP level 6. HP: 45/45 MP: 0/10
  3087 | D:4      | Noticed Blork the orc
  3097 | D:4      | Killed Blork the orc
  3098 | D:4      | Reached skill level 6 in Fire Magic
  3226 | D:4      | Found a glowing drain.
  3272 | Sewer    | Entered a sewer
  3373 | Sewer    | Reached XP level 7. HP: 45/50 MP: 1/11
  3690 | Sewer    | Reached skill level 7 in Fire Magic
  4414 | D:5      | Entered Level 5 of the Dungeon
  4442 | D:5      | Noticed Menkaure
  4446 | D:5      | Killed Menkaure
  4558 | D:5      | Reached skill level 8 in Fire Magic
  4558 | D:5      | Reached skill level 1 in Short Blades
  4584 | D:5      | Reached XP level 8. HP: 57/57 MP: 2/12
  4682 | D:5      | Noticed Grinder
  4709 | D:5      | Paralysed by Grinder for 2 turns
  4720 | D:5      | Slain by Grinder

Illustrated notes

Levels and vault maps discovered:
D:1:      nicolae_arrival_memento_mori, layout_loops_ring,
          shapermc_ecumenical_altar_petra
D:2:      layout_basic
D:3:      layout_rooms
D:4:      layout_rooms, portal_sewer_entry_b, uniq_blork_the_orc
D:5:      layout_basic, minmay_shop_damaged, uniq_grinder, uniq_ijyb,
          uniq_menkaure

Skill      XL: |  1  2  3  4  5  6  7  8 |
---------------+-------------------------+-----
Fire Magic     | 4 5 6 8 |  8.0
Spellcasting   | 2 3 |  3.0
Conjurations   | 2 |  2.0
Hexes          | 1 2 3 |  3.0
Short Blades   | 2 3 |  3.2
Dodging        | |  1.5
Stealth        | |  1.5

Action                     |  1- 3 |  4- 6 |  7- 9 || total
---------------------------+-------+-------+-------++-------
  Melee: Mace              |     2 |       |       ||     2
         Punch             |     1 |       |       ||     1
         Short sword       |       |    28 |    33 ||    61
   Fire: Sling             |    25 |       |       ||    25
   Cast: Foxfire           |    35 |    75 |    47 ||   157
         Scorch            |     9 |    16 |    15 ||    40
         Inner Flame       |       |       |     3 ||     3
    Use: Scroll            |     3 |     6 |     2 ||    11
         Potion            |       |     1 |     1 ||     2
 Armour: Robe              |    11 |    13 |    17 ||    41
  Dodge: Dodged            |    10 |    17 |    22 ||    49
